 Dungeon Sprint DCSS version 0.30-a0-54-g2e61a25929 (webtiles) character file.

Game seed: 8628525666631954080

86589 mhtbhm the Ninja (level 14, -6/102 (130) HPs)
             Began as an Octopode Brigand on Sept 8, 2022.
             Was the Champion of Dithmenos.
             Killed from afar by a shadow dragon (29 damage)
             ... with a bolt of negative energy
             ... in the Dungeon (Sprint III: "The Ten Rune Challenge") on Sept 9, 2022.
             The game lasted 00:21:52 (8058 turns).

mhtbhm the Ninja (Octopode Brigand)                 Turns: 8058, Time: 00:21:53

HP:   -6/102 (130)  AC:  5    Str: 11    XL:     14   Next: 91%
MP:   21/21         EV: 25    Int: 14    God:    Dithmenos [******]
Gold: 2678          SH:  5    Dex: 19    Spells: 13/13 levels left

rFire   + + .      SeeInvis .    a - +7 dagger of Crystal {vorpal, Fly rF+ Dex+2}
rCold   . . .      Faith    .    (no shield)
rNeg    . . .      Spirit   .    h - +2 hat {Stlth+}
rPois   .          Reflect  +    u - amulet of reflection
rElec   .          Harm     .    v - +4 ring of slaying
rCorr   +          Rampage  .    f - ring of resist corrosion
Will    +....      NoTele   +    z - ring of wizardry Stlth ###*******
                                 r - ring of protection from fire
HPRegen 0.27/turn                (no ring)
MPRegen 0.17/turn                (no ring)
                                 (no ring)
                                 (no ring)

@: flying, wreathed by umbra, studying Short Blades, heavily drained, invisible
A: almost no armour, amphibious, 8 rings, camouflage 1, gelatinous body 1,
(nimble swimmer 1), tentacles, iridescent scales 1, mutation resistance 1,
robust 1
}: 2/10 runes: serpentine, barnacled
a: Renounce Religion, Shadow Step, Shadow Form


You were in the Dungeon.
You worshipped Dithmenos.
Dithmenos was exalted by your worship.
You visited 1 branch You collected 5245 gold pieces.
You spent 2567 gold pieces at shops.

Inventory:

Hand Weapons
 a - the +7 dagger of Crystal (weapon) {vorpal, Fly rF+ Dex+2}
   (You found it in the Dungeon)

   It inflicts extra damage upon your enemies.
   Dex:       It affects your dexterity (+2).
   rF:        It protects you from fire.
   Fly:       It grants you flight.
Missiles
 b - 9 poisoned darts
 q - a silver boomerang (quivered)
 x - 10 datura-tipped darts
Armour
 h - a +2 hat of stealth (worn)
 y - a +1 tower shield of reflection
Jewellery
 f - a ring of resist corrosion (right tentacle)
 r - a ring of protection from fire (on tentacle)
 u - an amulet of reflection (around mantle)
 v - a +4 ring of slaying (left tentacle)
 z - a ring of wizardry (on tentacle)
Wands
 t - a wand of polymorph (8)
 w - a wand of digging (2)
 A - a wand of mindburst (7)
 C - a wand of quicksilver (10)
Scrolls
 i - 2 scrolls of blinking
 j - a scroll of torment
 l - a scroll of immolation
 n - 2 scrolls of poison
 B - a scroll of fear {unknown}
 D - a scroll of vulnerability {unknown}
Potions
 c - a potion of invisibility
 d - a potion of lignification
 e - a potion of curing
 g - 2 potions of magic
 k - a potion of attraction {unknown}
 m - a potion of resistance
 o - 3 potions of flight
 p - 6 potions of mutation
Miscellaneous
 s - a condenser vane (inert)


   Skills:
 + Level 19.1 Fighting
 + Level 17.4 Short Blades
 + Level 15.8 Throwing
 + Level 17.4 Dodging
 O Level 27 Stealth
 + Level 6.3 Shields
 + Level 10.0 Invocations
 + Level 10.6 Evocations


You had 13 spell levels left.
You didn't know any spells.
Your spell library contained the following spells:

 Spells                   Type           Power      Damage    Failure   Level
 Portal Projectile        Hex/Tloc       0%         N/A       32%         3
 Tukima's Dance           Hex            0%         N/A       32%         3
 Passage of Golubria      Tloc           0%         N/A       71%         4
 Summon Lightning Spire   Summ/Air       0%         N/A       71%         4
 Blade Hands              Tmut           0%         N/A       95%         5
 Yara's Violent Unravell  Hex/Tmut       0%         3d3       95%         5
 Maxwell's Capacitive Co  Air            0%         ∞         100%        8
 Necromutation            Tmut/Necr      0%         N/A       100%        8


Dungeon Overview and Level Annotations

Branches:
Dungeon (1/1)

Altars:
Cheibriados
Dithmenos
Elyvilon
Fedhas
Gozag
Hepliaklqana
Kikubaaqudgha
Makhleb
Nemelex Xobeh
Okawaru
Qazlal
Ru
Sif Muna
Trog
Uskayaw
Vehumet
Wu Jian
Xom
Yredelemnul
Zin
The Shining One
Jiyva
Lugonu

Shops:
D !:[:[?(?[!=!=((*:?


Innate Abilities, Weirdness & Mutations

You cannot wear most types of armour.
You are amphibious.
You can wear up to eight rings at the same time.
Your skin changes colour to match your surroundings (Stealth+).
Your rubbery body absorbs attacks. (AC +1, EV +1)
((You are camouflaged when in or above water. (Stealth+)))
You have tentacles for arms and can constrict up to eight enemies at once.
You are partially covered in iridescent scales. (AC +2)
You are somewhat resistant to further mutation.
You are robust. (+10% HP)


Message History

You are too injured to fight recklessly!
You are too injured to fight recklessly!
You are too injured to fight recklessly!
You are too injured to fight recklessly!
You are too injured to fight recklessly!
You are too injured to fight recklessly!
You are too injured to fight recklessly!
You are too injured to fight recklessly!
You are too injured to fight recklessly!
You are too injured to fight recklessly!
You are too injured to fight recklessly!
You are too injured to fight recklessly!
You are too injured to fight recklessly!
You are too injured to fight recklessly!
You are too injured to fight recklessly!
You are too injured to fight recklessly!
You are too injured to fight recklessly!
You are too injured to fight recklessly!
You are too injured to fight recklessly!
You are too injured to fight recklessly!
You are too injured to fight recklessly!
You are too injured to fight recklessly!
Okay, then.
You fade into invisibility!
The shadow dragon breathes negative energy at you.
The bolt of negative energy misses you.
You feel better. You block the shadow dragon's attack.
The shadow dragon completely misses you.
The shadow dragon claws you.
You feel better.
You block the shadow dragon's attack. x2
The shadow dragon misses you.
Okay, then.
Okay, then.
The shadow dragon breathes negative energy at you.
The bolt of negative energy hits you!!!
You feel drained.
* * * LOW HITPOINT WARNING * * *
There is an open door here.
The shadow dragon breathes negative energy at you.
The bolt of negative energy hits you!!
You feel drained.
You die...

######'###############
####.#.....#.§)....§§#
≈≈≈#..#.#.##≈§≈§≈≈≈≈§#
#≈§#.......#..§§§§§§.#
#≈≈##.#...##...§§§§§§#
≈§≈#)#.#.#.'...§§D§§§#
≈≈≈################D##
§§§#[..#...#(.#......#
≈§≈#...#...#..#.@PPP.#
≈§≈##'###'##..#..P)P.#
≈###.......'..#..PPP.#
##.#.#####.####......#
#..'.#)..'.#).'......#
'..#######.'..#......#
####.....#.####......#
⌠∩.#..#..#.#..#......#
⌠∩.#.#)#.#.[..#......#


You could see a shadow dragon (catching breath).

Vanquished Creatures
  Sojobo (D)
  Sigmund (D)
  Rupert (D)
  A lich (D)
  Polyphemus (D)
  Gastronok (D)
  Chuck (D)
  Ilsuiw (D)
  A nagaraja (D)
  Azrael (D)
  2 dire elephants (D)
  Snorg (D)
  A fire dragon (D)
  A merfolk javelineer (D)
  2 yaktaur captains (D)
  A deep elf high priest (D)
  2 hydras (D)
  An ogre mage (D)
  8 anacondas (D)
  A naga warrior (D)
  2 centaur warriors (D)
  4 dancing weapons (D)
  4 death yaks (D)
  Urug (D)
  3 orc high priests (D)
  A deep elf knight (D)
  4 skeletal warriors (D)
  A death drake (D)
  A deep troll (shapeshifter) (D)
  A sea snake (shapeshifter) (D)
  A spriggan druid (D)
  A sea snake (D)
  An orange crystal statue (D)
  A lindwurm (D)
  2 deep elf zephyrmancers (D)
  3 deep elf pyromancers (D)
  4 crystal guardians (D)
  2 orc sorcerers (D)
  3 ugly things (D)
  7 black mambas (D)
  A guardian serpent (D)
  2 elephants (D)
  Edmund (D)
  2 cane toads (D)
  3 yaktaurs (D)
  An unseen horror (D)
  A rime drake (D)
  A komodo dragon (D)
  A queen bee (D)
  3 wandering mushrooms (D)
  4 spriggan defenders (D)
  2 tyrant leeches (D)
  4 slime creatures (D)
  8 blink frogs (D)
  3 dream sheep (D)
  A shadow (D)
  2 spriggans (D)
  3 redbacks (D)
  A redback (shapeshifter) (D)
  A spatial vortex (D)
  2 nagas (D)
  A hydra simulacrum (D)
  A water moccasin (D)
  3 orc warriors (D)
  A swamp drake (D)
  2 centaurs (D)
  An earth elemental (D)
  A water elemental (D)
  A necrophage (D)
  32 killer bees (D)
  An electric eel (D)
  A jelly (D)
  3 orc priests (D)
  Crazy Yiuf (D)
  A wizard (D)
  A necromancer (D)
  3 orc wizards (D)
  A polar bear simulacrum (D)
  2 wolf simulacra (D)
  3 humans (D)
  A kobold demonologist (D)
  2 adders (D)
  7 orcs (D)
  An endoplasm (D)
  A quokka (D)
  3 rats (D)
199 creatures vanquished.

Vanquished Creatures (others)
  12 plants (D)
12 creatures vanquished.

Grand Total: 211 creatures vanquished

Notes
Turn   | Place    | Note
-------+----------+-------------------------------------------
     0 | D        | mhtbhm the Octopode Brigand began the quest for the Orb.
     0 | D        | Reached XP level 1. HP: 14/14 MP: 1/1
     5 | D        | Reached skill level 6 in Stealth
    52 | D        | Reached skill level 8 in Stealth
    52 | D        | Reached XP level 2. HP: 4/20 MP: 2/2
   320 | D        | Noticed Crazy Yiuf
   326 | D        | Killed Crazy Yiuf
   327 | D        | Reached skill level 9 in Stealth
   327 | D        | Reached XP level 3. HP: 25/25 MP: 3/3
   358 | D        | Gained mutation: You are robust. (+10% HP) [potion of
                  | mutation]
   358 | D        | Gained mutation: You are somewhat resistant to further
                  | mutation. [potion of mutation]
   358 | D        | Gained mutation: You are partially covered in iridescent
                  | scales. (AC +2) [potion of mutation]
   379 | D        | Noticed a water elemental
   382 | D        | Killed a water elemental
   383 | D        | Reached skill level 11 in Stealth
   383 | D        | Reached XP level 4. HP: 34/34 MP: 4/4
   393 | D        | Found a shadowy altar of Dithmenos.
   393 | D        | Noticed a necrophage
   394 | D        | Found a basalt altar of Yredelemnul.
   394 | D        | Found a sacrificial altar of Ru.
   398 | D        | Reached skill level 12 in Stealth
   398 | D        | Reached XP level 5. HP: 39/39 MP: 5/5
   401 | D        | Reached skill level 5 in Throwing
   401 | D        | Reached skill level 13 in Stealth
   491 | D        | Became a worshipper of Dithmenos the Shadowed
   506 | D        | Found a radiant altar of Vehumet.
   507 | D        | Found a shimmering blue altar of Sif Muna.
   507 | D        | Found an ancient bone altar of Kikubaaqudgha.
   509 | D        | Reached skill level 14 in Stealth
   511 | D        | Reached XP level 6. HP: 46/46 MP: 6/6
   525 | D        | Found a glowing silver altar of Zin.
   526 | D        | Found a glowing golden altar of the Shining One.
   526 | D        | Found a white marble altar of Elyvilon.
   526 | D        | Noticed a deep elf pyromancer
   528 | D        | Killed a deep elf pyromancer
   528 | D        | Reached * piety under Dithmenos
   529 | D        | Reached skill level 5 in Short Blades
   529 | D        | Reached skill level 18 in Stealth
   529 | D        | Reached XP level 7. HP: 52/52 MP: 7/7
   538 | D        | Found a hide-covered altar of Uskayaw.
   538 | D        | Found an iron altar of Okawaru.
   539 | D        | Found a bloodstained altar of Trog.
   539 | D        | Found an ornate altar of the Wu Jian Council.
   539 | D        | Noticed a human
   539 | D        | Noticed a human
   541 | D        | Killed a human
   542 | D        | Killed a human
   543 | D        | Reached skill level 19 in Stealth
   543 | D        | Reached XP level 8. HP: 59/59 MP: 8/8
   559 | D        | Noticed a shadow
   561 | D        | Killed a shadow
   561 | D        | Reached ** piety under Dithmenos
   570 | D        | Reached skill level 20 in Stealth
   619 | D        | Found a blossoming altar of Fedhas.
   619 | D        | Found a stormy altar of Qazlal.
   619 | D        | Found a snail-covered altar of Cheibriados.
   619 | D        | Found a burning altar of Makhleb.
   619 | D        | Found a shimmering altar of Xom.
   620 | D        | Found a hazy altar of Hepliaklqana.
   620 | D        | Found an opulent altar of Gozag.
   620 | D        | Found a sparkling altar of Nemelex Xobeh.
   620 | D        | Found a corrupted altar of Lugonu.
   620 | D        | Found a viscous altar of Jiyva.
   642 | D        | Noticed Snorg
   644 | D        | Killed Snorg
   645 | D        | Reached skill level 5 in Fighting
   645 | D        | Reached skill level 22 in Stealth
   645 | D        | Reached XP level 9. HP: 67/67 MP: 9/9
   654 | D        | Reached *** piety under Dithmenos
   660 | D        | Noticed a centaur warrior
   664 | D        | Killed a centaur warrior
   665 | D        | Reached skill level 23 in Stealth
   666 | D        | Reached skill level 24 in Stealth
   688 | D        | Killed an unseen horror
   688 | D        | Reached **** piety under Dithmenos
   922 | D        | Noticed a wandering mushroom
   926 | D        | Noticed a wandering mushroom
   928 | D        | Noticed a wandering mushroom
   929 | D        | Killed a wandering mushroom
   934 | D        | Killed a wandering mushroom
   935 | D        | Reached XP level 10. HP: 72/72 MP: 10/10
   938 | D        | Reached skill level 25 in Stealth
   943 | D        | Noticed a cane toad
   943 | D        | Noticed a cane toad
   946 | D        | Reached ***** piety under Dithmenos
   955 | D        | Killed a cane toad
   956 | D        | Reached skill level 10 in Throwing
   958 | D        | Killed a cane toad
   959 | D        | Reached skill level 26 in Stealth
  1123 | D        | Noticed a lindwurm
  1126 | D        | Killed a lindwurm
  1127 | D        | Reached skill level 27 in Stealth
  1127 | D        | Reached skill level 1 in Evocations
  1133 | D        | Reached ****** piety under Dithmenos
  1134 | D        | Noticed Urug
  1136 | D        | Killed Urug
  1137 | D        | Reached skill level 10 in Short Blades
  1137 | D        | Reached XP level 11. HP: 84/84 MP: 11/11
  1196 | D        | Reached skill level 5 in Dodging
  1426 | D        | Found Eraupsiu's Weapon Boutique.
  1426 | D        | Noticed an orc sorcerer
  1426 | D        | Noticed an orc sorcerer
  1426 | D        | Noticed an orc high priest
  1431 | D        | Killed an orc sorcerer
  1431 | D        | Killed an orc high priest
  1432 | D        | Reached skill level 10 in Fighting
  1440 | D        | Killed an orc sorcerer
  1546 | D        | Bought 2 silver boomerangs for 33 gold pieces
  1602 | D        | Noticed Sigmund
  1602 | D        | Noticed Edmund
  1616 | D        | Killed Edmund
  1639 | D        | Killed Sigmund
  1868 | D        | Reached skill level 5 in Evocations
  1877 | D        | Reached XP level 12. HP: 39/100 MP: 12/12
  2119 | D        | Noticed Rupert
  2123 | D        | Killed Rupert
  2132 | D        | Noticed an azure jelly
  2132 | D        | Noticed an azure jelly
  2132 | D        | Noticed an azure jelly
  2132 | D        | Noticed an azure jelly
  2133 | D        | Noticed a dire elephant
  2133 | D        | Noticed a dire elephant
  2133 | D        | Noticed Gastronok
  2135 | D        | Killed Gastronok
  2136 | D        | Killed a dire elephant
  2172 | D        | Killed a dire elephant
  2192 | D        | Reached skill level 10 in Dodging
  2498 | D        | Noticed a death yak
  2499 | D        | Noticed a death yak
  2503 | D        | Killed a death yak
  2504 | D        | Noticed a death yak
  2504 | D        | Noticed a death yak
  2505 | D        | Killed a death yak
  2508 | D        | Killed a death yak
  2565 | D        | Killed a death yak
  2945 | D        | Reached skill level 1 in Invocations
  2949 | D        | Noticed Polyphemus
  2950 | D        | Noticed Ilsuiw
  2951 | D        | Killed Polyphemus
  2952 | D        | Reached skill level 15 in Short Blades
  2956 | D        | Reached XP level 13. HP: 105/112 MP: 8/14
  2957 | D        | Killed Ilsuiw
  2958 | D        | Reached skill level 15 in Fighting
  2959 | D        | Found Dyes Loe's Distillery.
  2959 | D        | Found Kipu's Book Boutique.
  2959 | D        | Found Qewkiet's Antique Armour Emporium.
  2959 | D        | Noticed a merfolk javelineer
  2985 | D        | Killed a merfolk javelineer
  2999 | D        | Got a barnacled rune of Zot
  3014 | D        | Bought a potion of haste for 120 gold pieces
  3438 | D        | Found Copt's Magic Scroll Shoppe.
  3438 | D        | Found Codaifast's Jewellery Emporium.
  3438 | D        | Found Efygea's Jewellery Boutique.
  3438 | D        | Found Maruaw's Antique Weapon Emporium.
  3438 | D        | Found Beful's Book Shop.
  3438 | D        | Found Fibeerhai's Distillery.
  3438 | D        | Found Izieled's Distillery.
  3438 | D        | Found Ostankau's Assorted Antiques.
  3438 | D        | Found Qityr's Antique Armour Shop.
  3438 | D        | Found Imowaeme's Weapon Boutique.
  3438 | D        | Found Eqoduzoan's Magic Scroll Emporium.
  3482 | D        | Bought a scroll of blinking for 105 gold pieces
  3484 | D        | Bought a potion of berserk rage for 70 gold pieces
  3485 | D        | Bought an amulet of reflection for 300 gold pieces
  3488 | D        | Bought a +4 ring of slaying for 1014 gold pieces
  3498 | D        | Bought a scroll of blinking for 187 gold pieces
  3498 | D        | Bought a crooked wooden wand for 100 gold pieces
  3501 | D        | Bought 2 potions of haste for 220 gold pieces
  3732 | D        | Found a blossoming altar of Fedhas.
  4288 | D        | Reached skill level 1 in Shields
  4294 | D        | Reached skill level 5 in Invocations
  4328 | D        | Noticed a nagaraja
  4328 | D        | Found Japropom's Book Shop.
  4328 | D        | Found Beil Zuof's Antique Armour Shoppe.
  4331 | D        | Found Kuubly's Magic Scroll Boutique.
  4332 | D        | Killed a nagaraja
  4347 | D        | Got a serpentine rune of Zot
  4478 | D        | Noticed a yaktaur captain
  4613 | D        | Reached skill level 15 in Dodging
  4613 | D        | Reached XP level 14. HP: 126/126 MP: 18/18
  5453 | D        | Identified the +7 dagger of Crystal {vorpal, Fly rF+ Dex+2}
  5594 | D        | Found the +8 longbow "Zephyr" {speed, Dex+3 SInv}
  5595 | D        | Noticed Chuck
  5616 | D        | Killed Chuck
  5630 | D        | Got the Omnibus of the Overcast Mausoleum
  5817 | D        | Noticed Sojobo
  5819 | D        | Killed Sojobo
  5820 | D        | Reached skill level 15 in Throwing
  5820 | D        | Reached skill level 10 in Evocations
  5857 | D        | Noticed a lich
  5881 | D        | Killed a lich
  5882 | D        | Reached skill level 5 in Shields
  6195 | D        | Noticed a shadow dragon
  6196 | D        | Noticed a shadow dragon
  6439 | D        | Noticed an ancient lich
  6624 | D        | Noticed Azrael
  6626 | D        | Killed Azrael
  6660 | D        | Acquired 645 gold pieces
  6662 | D        | Acquired a manual of Short Blades
  6664 | D        | Acquired 1034 gold pieces
  6906 | D        | Identified the +9 plate armour of the Arcane {Int+2}
  6907 | D        | Identified the +3 dagger of the Puffball {vorpal, Str-3
                  | Int+4}
  6907 | D        | Noticed a deep elf demonologist
  6907 | D        | Noticed a deep elf blademaster
  6907 | D        | Noticed a deep elf demonologist
  6907 | D        | Identified the ring of Zaichon {rCorr Int+6 Dex-3}
  6907 | D        | Noticed a deep elf demonologist
  7015 | D        | Reached skill level 10 in Invocations
  7349 | D        | Identified the +6 hand axe "Newtbane" {drain, Dex+3 SInv}
  7970 | D        | Bought a potion of curing for 42 gold pieces
  7970 | D        | Bought a potion of curing for 42 gold pieces
  7970 | D        | Bought 2 potions of invisibility for 224 gold pieces
  7971 | D        | Bought a potion of resistance for 110 gold pieces
  8058 | D        | Killed from afar by a shadow dragon

Illustrated notes

Levels and vault maps discovered:
D:        dungeon_sprint_mu [sprint_mu_entry_forest, sprint_mu_temple_rooms,
          sprint_mu_d1_horrors, sprint_mu_d2_genie, sprint_mu_d3_branching,
          sprint_mu_orc_legion, sprint_mu_elf_gauntlet, sprint_mu_hive_nellie,
          sprint_mu_lair_fedhas, sprint_mu_vaults_butterflies,
          sprint_mu_slime_circle, sprint_mu_shoals_archi,
          sprint_mu_snake_twists, sprint_mu_blade_basic, sprint_mu_crypt_lich,
          sprint_mu_tomb_spiral, sprint_mu_vestibule_basic,
          sprint_mu_gehenna_hellfire, sprint_mu_dis_giant,
          sprint_mu_tartarus_statrot, sprint_mu_cocytus_islands, sprint_mu_zot1]

Skill      XL: |  1  2  3  4  5  6  7  8  9 10 11 12 13 14 |
---------------+-------------------------------------------+-----
Stealth        | 8 9 11 12 14 18 19 22 24 27 | 27.0
Throwing       | 3 4 5 7 8 9 10 11 13 15 | 15.8
Fighting       | 3 4 5 7 12 14 17 19 | 19.1
Short Blades   | 3 4 5 6 7 8 10 13 15 16 17 | 17.4
Dodging        | 4 8 11 15 17 | 17.4
Evocations     | 1 5 7 9 10 | 10.6
Invocations    | 1 5 10 | 10.0
Shields        | 1 6 |  6.3

Action                   |  1- 3 |  4- 6 |  7- 9 | 10-12 | 13-15 || total
-------------------------+-------+-------+-------+-------+-------++-------
Melee: Dagger            |    10 |     7 |    26 |   157 |   276 ||   476
       Constrict         |     2 |     2 |       |    13 |    22 ||    39
       Tentacles         |       |     3 |     2 |    46 |    78 ||   129
       Punch             |       |       |     1 |     2 |     5 ||     8
Throw: Dart              |    11 |       |     1 |    13 |    15 ||    40
       Boomerang         |       |       |       |     3 |    17 ||    20
Invok: Shadow Step       |       |       |       |     2 |    16 ||    18
Evoke: Condenser vane    |       |       |       |     6 |     7 ||    13
       Wand              |       |       |       |     4 |     1 ||     5
  Use: Potion            |     1 |     1 |     1 |     7 |     9 ||    19
       Scroll            |       |       |       |       |     9 ||     9
 Stab: Sleeping          |     4 |     3 |    11 |    26 |    61 ||   105
       Distracted        |       |       |       |       |     3 ||     3
Armor: Skin              |       |     2 |     2 |     5 |     6 ||    15
Dodge: Dodged            |     1 |     1 |     4 |    62 |    88 ||   156
Block: Other             |       |       |       |       |    26 ||    26

Table legend: (Time is in decaauts)
 A = Elapsed time spent in this place.
 B = Non-inter-level travel time spent in this place.
 C = Inter-level travel time spent in this place.
 D = Time resting spent in this place.
 E = Time spent auto-exploring this place.
 F = Levels seen in this place.
 G = Mean time per level.
                   A        B        C        D        E       F      G
               +--------+--------+--------+--------+--------+-----+--------+
         Total |   7781 |   7675 |    106 |   5016 |      1 |   1 | 7781.0 |
       Dungeon |   7781 |   7675 |    106 |   5016 |      1 |   1 | 7781.0 |
               +--------+--------+--------+--------+--------+-----+--------+

Top non-repeatable levels by time:
       D: 7781 daAuts
